 Dungeon Crawl Stone Soup version 0.23.1-37-gaa34b87b72 (webtiles) character file.

Game seed: 15631208614476110745

20717 Norn the Slinger (level 13, -2/92 HPs)
             Began as a Halfling Warper on Mar 25, 2019.
             Was a High Priest of Okawaru.
             Slain by a black mamba (12 damage)
             ... on level 4 of the Lair of Beasts on Mar 26, 2019.
             The game lasted 01:09:51 (26445 turns).

Norn the Slinger (Halfling Warper)                 Turns: 26445, Time: 01:09:51

Health: -2/92      AC: 10    Str: 14    XL:     13   Next: 14%
Magic:  2/15       EV: 22    Int: 18    God:    Okawaru [*****.]
Gold:   744        SH:  0    Dex: 15    Spells: 4/15 levels left

rFire    . . .     SeeInvis +   b - +2 hunting sling (flame)
rCold    . . .     Gourm    +   (shield restricted)
rNeg     . . .     Faith    .   O - +1 leather armour "Siotz" {MR+ Str+2 Int+3}
rPois    .         Spirit   .   X - +2 hat {SInv}
rElec    .         Reflect  .   I - +0 cloak
rCorr    .         Harm     .   s - +2 pair of gloves
MR       ++...                  (no boots)
Stlth    +.........             U - amulet of the gourmand
HPRegen  0.25/turn              l - ring of protection from magic
MPRegen  0.14/turn              (no ring)

@: studying Staves
A: small, mutation resistance 1
a: Heroism, Finesse, Renounce Religion


You were on level 4 of the Lair of Beasts.
You worshipped Okawaru.
Okawaru was extremely pleased with you.
You were very full.

You visited 3 branches of the dungeon, and saw 15 of its levels.
You also visited: Ossuary.

You collected 874 gold pieces.
You spent 130 gold pieces at shops.

Inventory:

Hand Weapons
 a - a +0 short sword
 b - a +2 hunting sling of flaming (weapon)
   (You bought it in a shop on level 6 of the Dungeon)
 B - a +0 long sword
   (You took it off an orc warrior on level 4 of the Dungeon)
 G - a +0 blowgun
   (You took it off a kobold on level 6 of the Dungeon)
Missiles
 f - 3 tomahawks of dispersal {!f}
 g - 318 stones (quivered)
 h - 11 tomahawks
 i - 126 poisoned needles
 H - 6 curare-tipped needles {!f}
 P - 60 sling bullets
 Y - 7 needles of frenzy
Armour
 s - a +2 pair of gloves (worn)
   (You found it on level 3 of the Dungeon)
 y - a +1 leather armour of cold resistance
   (You took it off an orc on level 4 of the Dungeon)
 I - a +0 cloak (worn)
   (You found it on level 6 of the Dungeon)
 O - the +1 leather armour "Siotz" (worn) {MR+ Str+2 Int+3}
   (You found it on level 9 of the Dungeon)

   It affects your strength (+2).
   It affects your intelligence (+3).
   It affects your resistance to hostile enchantments.
 Q - the +0 pair of gloves of Dogoaps {rN++ Str-5 Int+3}
   (Okawaru gifted it to you on level 10 of the Dungeon)

   It affects your strength (-5).
   It affects your intelligence (+3).
   It greatly protects you from negative energy.
 X - a +2 hat of see invisible (worn)
   (You took it off Gastronok on level 2 of the Lair of Beasts)
Jewellery
 l - a ring of protection from magic (left hand)
   (You found it on level 2 of the Dungeon)
 L - an uncursed amulet of magic regeneration
   (You found it on level 6 of the Dungeon)
 U - an amulet of the gourmand (around neck)
   (You found it on level 3 of the Dungeon)
Wands
 t - a wand of flame (16)
   (You took it off Ijyb on level 5 of the Dungeon)
 u - a wand of paralysis (30)
   (You found it on level 4 of the Dungeon)
 v - a wand of digging (6)
   (You found it on level 5 of the Dungeon)
 x - a wand of acid (9)
   (You found it on level 1 of the Lair of Beasts)
 A - a wand of clouds (3)
   (You found it on level 5 of the Dungeon)
 W - a wand of enslavement (13)
   (You found it on level 1 of the Lair of Beasts)
Scrolls
 c - 2 scrolls of silence
 d - 2 scrolls of blinking
 j - 5 scrolls of magic mapping
 k - 3 scrolls of fog
 m - 4 scrolls of teleportation {@r4}
 o - 4 scrolls of noise {!r}
 p - 3 scrolls of enchant armour
 w - a scroll of random uselessness {unknown}
 D - 5 scrolls of immolation {!r}
 E - 4 scrolls of remove curse {@r2}
 F - 2 scrolls of amnesia {unknown}
 K - a scroll of enchant weapon {unknown}
 M - 3 scrolls of identify {@r1}
 V - a scroll of fear {unknown}
Potions
 n - 2 potions of resistance
 q - 4 potions of brilliance
 r - 2 potions of magic
 z - 5 potions of curing {@q1}
 C - 2 potions of cancellation {unknown}
 J - 7 potions of heal wounds {@q2}
 R - a potion of degeneration {unknown}
 S - 2 potions of lignification {unknown}
 T - a potion of mutation {unknown}
Books
 N - a manual of Staves {!d}
   (You found it on level 7 of the Dungeon)
Comestibles
 e - 31 rations {!d}


   Skills:
 + Level 9.9 Fighting
 - Level 7.0 Short Blades
 - Level 14.5(14.6) Slings
 - Level 1.0(6.9) Throwing
 - Level 1.1 Armour
 + Level 11.6 Dodging
 - Level 1.5 Spellcasting
 - Level 10.0 Translocations


You had 4 spell levels left.
You knew the following spells:

 Your Spells              Type           Power        Failure   Level  Hunger
a - Teleport Other        Tloc           #####...     1%          3    ####...
b - Blink                 Tloc           N/A          1%          2    ###....
q - Shroud of Golubria    Chrm/Tloc      ###.......   4%          2    ###....
v - Passage of Golubria   Tloc           N/A          3%          4    #####..

Your spell library contained the following spells:

 Spells                   Type           Power        Failure   Level  Hunger
 Gell's Gravitas          Tloc           #####.....   1%          3    ####...
 Lesser Beckoning         Tloc           #####.....   1%          3    ####...
 Portal Projectile        Hex/Tloc       ###...       9%          3    ####...
 Corona                   Hex            #......      24%         1    ##.....
 Flame Tongue             Conj/Fire      #....        24%         1    ##.....
 Slow                     Hex            #.......     34%         2    ###....
 Throw Flame              Conj/Fire      #.....       34%         2    ###....
 Conjure Flame            Conj/Fire      #.......     56%         3    ####...
 Inner Flame              Hex/Fire       #.......     56%         3    ####...
 Cause Fear               Hex            #.........   93%         4    #####..
 Leda's Liquefaction      Hex/Erth       #.........   93%         4    #####..
 Sticky Flame             Conj/Fire      #.......     93%         4    #####..
 Fireball                 Conj/Fire      #.........   100%        5    ######.


Dungeon Overview and Level Annotations

Branches:
Dungeon (10/15)            Temple (1/1) D:7            Lair (4/6) D:10
  Snake (0/4) Lair:3          Orc (0/2) D:10
  Swamp: Lair:2-4    Shoals: Lair:2-4

Altars:
Ashenzari
Cheibriados
Dithmenos
Elyvilon
Fedhas
Gozag
Hepliaklqana
Kikubaaqudgha
Makhleb
Nemelex Xobeh
Okawaru
Qazlal
Ru
Sif Muna
Trog
Uskayaw
Vehumet
Wu Jian
Xom
Yredelemnul
Zin
The Shining One

Shops:
D:4 :   D:6 *

Annotations:
Lair:1 1 runed translucent door, tjackatt's ghost, journeyman NaFi
Lair:3 1 runed translucent door, exclusion: oklob plant, tjackatt's ghost, journeyman OpFi


Innate Abilities, Weirdness & Mutations

You are small and have problems with some larger weapons.
You are somewhat resistant to further mutation.


Message History

You feel sick.
g - 322 stones (gained 6)
You feel sick.
You feel sick.
You start resting.
You feel sick. x15
You are no longer poisoned.
You start resting.
A black mamba comes into view.
You start resting.
The black mamba is too close now for your liking.
You blink.
The black mamba barely misses you.
You blink.
Quiver which item? (- for none, * to show all) (? for menu, Esc to quit)
Okay, then.
Unknown command.
Aim: a black mamba (chance to defeat MR: 74%)
The black mamba struggles to resist.
Aim: a black mamba (chance to defeat MR: 74%)
The black mamba looks slightly unstable.
The black mamba barely misses you. The black mamba closely misses you.
You blink.
The black mamba disappears!
The black mamba reappears nearby!
Number of times to repeat, then command key: You must enter the number of times for the command to repeat.
Aim: a black mamba (chance to defeat MR: 74%)
The black mamba looks slightly unstable.
The black mamba bites you but does no damage.
The black mamba disappears!
You see here a club.
Firing (i - inventory. (/) - cycle)
g - 322 stones (quivered)
Aim: a black mamba You shoot a stone.
The stone hits the black mamba.
The stone burns the black mamba.
Firing (i - inventory. (/) - cycle)
g - 321 stones (quivered)
Aim: a black mamba (lightly wounded)
You shoot a stone.
The stone barely misses the black mamba.
The black mamba bites you but does no damage.
Firing (i - inventory. (/) - cycle)
g - 320 stones (quivered)
Aim: a black mamba (lightly wounded)
You shoot a stone.
The stone hits the black mamba but does no damage.
The black mamba completely misses you. The black mamba misses you.
Firing (i - inventory. (/) - cycle)
g - 319 stones (quivered)
Aim: a black mamba (lightly wounded)
You shoot a stone. The stone hits the black mamba.
The stone burns the black mamba.
The black mamba bites you!
* * * LOW HITPOINT WARNING * * *
You blink.
The black mamba bites you!
You die...

.##.##. ##..# #..#..#
####..## ..## ##...##
##.P.... ... ##...##
#.P...# ###. #PS...#
##...## ##...##
#.....##### #...##
#......#..# ##....#
#........##########..#.##
.........#P##.#†@P##....#
..............§S(.......#
.......P..#.P###.#.#...#.#
#......P###### ####...####
#.......# #..# .......##
#.## #....#.P #.#
#.......# ... .....[... .#


You could see a black mamba.

Vanquished Creatures
  Gastronok (Lair:2)
  3 two-headed ogres
  3 death yaks (D:9)
  Nergalle (Lair:3)
  Pikel (D:7)
  2 black mambas
  2 spiny frogs (Lair:2)
  A kobold demonologist (D:10)
  2 rime drakes
  A komodo dragon (D:10)
  Prince Ribbit (D:8)
  A troll (D:10)
  3 blink frogs (Lair:3)
  7 hippogriffs
  A human (D:7)
  11 yaks
  2 wyverns
  3 hogs (D:7)
  2 basilisks
  A vampire mosquito (D:10)
  A naga (Lair:3)
  6 water moccasins
  3 porcupines
  6 orc warriors
  A black bear (D:8)
  An ice beast (D:5)
  A sky beast (D:5)
  A slave (D:6)
  8 ogres
  A phantom (D:6)
  7 wolves
  5 centaurs
  2 crocodiles
  A big kobold (D:6)
  2 elf zombies (Ossuary)
  9 bullfrogs
  3 scorpions
  A water moccasin skeleton (D:9)
  10 killer bees
  A howler monkey (D:7)
  7 wights
  2 centaur zombies (D:5)
  4 crimson imps
  A quasit (D:10)
  2 hounds
  2 jellies
  2 orc priests
  2 centaur skeletons
  A gnoll shaman (D:3)
  Jessica (D:3)
  4 iguanas
  Ijyb (D:5)
  6 orc wizards
  6 worker ants
  2 big kobold zombies (Ossuary)
  2 hound skeletons
  3 hound zombies
  2 mummies (Ossuary)
  A worker ant zombie (D:5)
  5 gnolls
  12 adders
  A howler monkey skeleton (D:8)
  2 shadow imps
  An ooze (D:1)
  4 adder zombies
  2 adder skeletons
  5 worms
  A dart slug (D:1)
  6 leopard geckos
  43 orcs
  10 bats
  7 giant cockroaches
  13 goblins
  7 hobgoblins
  7 jackals
  2 quokkas
  10 frilled lizards
  2 goblin zombies (D:6)
  10 hobgoblin zombies (Ossuary)
  A jackal zombie (Ossuary)
  15 kobolds
  13 kobold zombies (Ossuary)
  5 orc zombies (Ossuary)
  9 rats
  A rat zombie (Ossuary)
364 creatures vanquished.

Vanquished Creatures (others)
  An orc priest (D:7)
  An orc wizard (D:3)
  4 fungi (Lair:4)
  2 plants
8 creatures vanquished.

Grand Total: 372 creatures vanquished

Notes
Turn   | Place    | Note
-------+----------+-------------------------------------------
     0 | D:1      | Norn the Halfling Warper began the quest for the Orb.
     0 | D:1      | Reached XP level 1. HP: 14/14 MP: 3/3
   235 | D:1      | Reached XP level 2. HP: 18/19 MP: 4/4
   605 | D:1      | Reached XP level 3. HP: 16/24 MP: 5/5
  1937 | D:2      | Learned a level 2 spell: Blink
  1940 | D:2      | Learned a level 2 spell: Shroud of Golubria
  1966 | D:2      | Reached XP level 4. HP: 30/30 MP: 6/6
  3312 | D:3      | Reached XP level 5. HP: 27/35 MP: 7/7
  3772 | D:3      | Noticed Jessica
  3817 | D:3      | Killed Jessica
  4102 | D:3      | Found a faded altar of an unknown god.
  4192 | D:3      | Reached XP level 6. HP: 32/41 MP: 8/8
  4336 | D:4      | Noticed an ogre
  4383 | D:4      | Noticed an ogre
  4442 | D:4      | Reached skill level 1 in Slings
  4467 | D:4      | Reached skill level 5 in Short Blades
  4633 | D:3      | Reached skill level 2 in Slings
  5385 | D:4      | Killed an ogre
  5385 | D:4      | Reached skill level 3 in Slings
  5385 | D:4      | Reached XP level 7. HP: 46/46 MP: 9/9
  6473 | D:4      | Reached skill level 4 in Slings
  6847 | D:4      | Reached XP level 8. HP: 52/52 MP: 10/10
  6988 | D:4      | Found Eciane's Book Shop.
  7009 | D:5      | Entered Level 5 of the Dungeon
  7341 | D:5      | Reached skill level 5 in Slings
  8794 | D:5      | Noticed Ijyb
  8801 | D:5      | Killed Ijyb
  8801 | D:5      | Reached skill level 6 in Slings
  8801 | D:5      | Reached skill level 5 in Translocations
  8806 | D:5      | Learned a level 3 spell: Teleport Other
  8965 | D:6      | Reached skill level 5 in Dodging
  9196 | D:6      | Reached skill level 7 in Slings
  9196 | D:6      | Reached XP level 9. HP: 39/58 MP: 8/11
  9611 | D:6      | Found a sand-covered staircase.
  9631 | Ossuary  | Entered an ossuary
 10049 | Ossuary  | Reached skill level 8 in Slings
 10625 | D:6      | Found a bloodstained altar of Trog.
 10625 | D:6      | Found an ornate altar of the Wu Jian Council.
 10740 | D:6      | Learned a level 4 spell: Passage of Golubria
 11350 | D:6      | Found Suuwun's Assorted Antiques.
 11353 | D:6      | Bought a runed hunting sling for 130 gold pieces
 11631 | D:7      | Reached skill level 9 in Slings
 11642 | D:7      | Noticed Pikel
 11666 | D:6      | Reached skill level 5 in Fighting
 11834 | D:7      | Noticed a hippogriff
 11972 | D:7      | Killed a hippogriff
 12205 | D:7      | Found a staircase to the Ecumenical Temple.
 12209 | Temple   | Entered the Ecumenical Temple
 12395 | Temple   | Became a worshipper of Warmaster Okawaru
 12601 | D:7      | Reached skill level 10 in Slings
 12601 | D:7      | Reached XP level 10. HP: 15/66 MP: 12/12
 12965 | D:7      | Reached * piety under Okawaru
 13357 | D:7      | Killed Pikel
 13357 | D:7      | Reached skill level 11 in Slings
 13370 | D:7      | Found a snail-covered altar of Cheibriados.
 13374 | D:7      | Found a stormy altar of Qazlal.
 13374 | D:7      | Found a hide-covered altar of Uskayaw.
 13393 | D:7      | Found a shimmering altar of Xom.
 13393 | D:7      | Found a sparkling altar of Nemelex Xobeh.
 13574 | D:8      | Noticed a two-headed ogre
 13583 | D:8      | Found a glowing golden altar of the Shining One.
 13585 | D:8      | Noticed Prince Ribbit
 13589 | D:8      | Found a white marble altar of Elyvilon.
 13601 | D:8      | Killed a two-headed ogre
 13601 | D:8      | Reached ** piety under Okawaru
 13628 | D:8      | Killed Prince Ribbit
 13694 | D:8      | Reached skill level 12 in Slings
 13827 | D:8      | Reached *** piety under Okawaru
 13827 | D:8      | Received a gift from Okawaru
 14091 | D:8      | Noticed a two-headed ogre
 14131 | D:8      | Found a glowing silver altar of Zin.
 14195 | D:7      | Reached XP level 11. HP: 11/73 MP: 11/13
 15035 | D:8      | Killed a two-headed ogre
 15237 | D:8      | Found a glowing golden altar of the Shining One.
 15239 | D:8      | Found a glowing silver altar of Zin.
 15240 | D:8      | Found a white marble altar of Elyvilon.
 15663 | D:9      | Reached skill level 13 in Slings
 15850 | D:9      | Got a scorched leather armour
 16040 | D:9      | Reached **** piety under Okawaru
 16551 | D:10     | Entered Level 10 of the Dungeon
 16555 | D:10     | Noticed a death yak
 16650 | D:9      | Killed a death yak
 16919 | D:10     | Noticed a death yak
 17050 | D:10     | Noticed a two-headed ogre
 17305 | D:9      | Killed a two-headed ogre
 18041 | D:10     | Reached skill level 14 in Slings
 18049 | D:10     | Noticed a death yak
 18522 | D:9      | Killed a death yak
 18522 | D:9      | Reached ***** piety under Okawaru
 18947 | D:9      | Killed a death yak
 18947 | D:9      | Reached XP level 12. HP: 61/81 MP: 7/14
 19152 | D:10     | Found a staircase to the Lair.
 19222 | D:10     | Received a gift from Okawaru
 19226 | D:10     | Got a pair of ichor-stained gloves {god gift}
 19227 | D:10     | Identified the +0 pair of gloves of Dogoaps {rN++ Str-5
                  | Int+3} (Okawaru gifted it to you on level 10 of the
                  | Dungeon)
 20251 | D:10     | Noticed a sun demon
 20671 | D:10     | Noticed a sixfirhy
 21304 | D:10     | Found a staircase to the Orcish Mines.
 21404 | Lair:1   | Entered Level 1 of the Lair of Beasts
 21405 | Lair:1   | Identified the +1 leather armour "Siotz" {MR+ Str+2 Int+3}
                  | (You found it on level 9 of the Dungeon)
 21436 | Lair:1   | Reached skill level 10 in Translocations
 21667 | Lair:1   | Reached skill level 10 in Dodging
 21776 | Lair:1   | Found a gate leading to a gauntlet.
 22123 | Lair:1   | Found a runed translucent door.
 22123 | Lair:1   | Noticed tjackatt's ghost (journeyman NaFi)
 22392 | Lair:2   | Noticed Gastronok
 23311 | Lair:2   | Killed Gastronok
 24225 | Lair:3   | Found a staircase to the Snake Pit.
 25358 | Lair:3   | Found a runed translucent door.
 25360 | Lair:3   | Noticed tjackatt's ghost (journeyman OpFi)
 25365 | Lair:3   | Noticed Nergalle
 25389 | Lair:3   | Killed Nergalle
 25389 | Lair:3   | Reached XP level 13. HP: 67/90 MP: 15/15
 25744 | Lair:3   | Received a gift from Okawaru
 25858 | Lair:3   | Found a blossoming altar of Fedhas.
 26445 | Lair:4   | Slain by a black mamba

Skill      XL: |  1  2  3  4  5  6  7  8  9 10 11 12 |
---------------+-------------------------------------+-----
Fighting       | 2 3 4 5 6 7 9 |  9.9
Short Blades   | 3 4 5 6 7 |  7.0
Dodging        | 3 4 5 6 7 9 11 | 11.6
Slings         | 3 4 7 10 12 14 | 14.5
Translocations | 4 5 6 7 9 10 | 10.0
Throwing       | |  1.0
Armour         | |  1.1
Spellcasting   | |  1.5

Action                   |  1- 3 |  4- 6 |  7- 9 | 10-12 | 13-15 || total
-------------------------+-------+-------+-------+-------+-------++-------
Melee: Short sword       |   171 |   354 |   344 |    38 |       ||   907
       Long sword        |       |       |       |    29 |       ||    29
       Hunting sling     |       |       |       |       |     1 ||     1
 Fire: Hunting sling     |       |    49 |   601 |   902 |    87 ||  1639
       Blowgun           |       |       |    19 |   166 |       ||   185
Throw: Stone             |     4 |     5 |       |       |       ||     9
       Tomahawk          |     2 |       |       |       |       ||     2
 Cast: Blink             |       |     1 |     5 |    48 |     4 ||    58
       Passage of Golubr |       |       |       |     2 |       ||     2
       Teleport Other    |       |       |       |       |     3 ||     3
Evoke: Wand              |       |       |     7 |     1 |       ||     8
  Use: Scroll            |       |     7 |     2 |    11 |       ||    20
       Potion            |       |     1 |     4 |     2 |       ||     7
 Stab: Sleeping          |     1 |     2 |       |       |       ||     3
       Paralysed         |       |       |    12 |       |       ||    12
       Distracted        |       |       |     1 |       |       ||     1
  Eat: Chunk             |     3 |    16 |    27 |    40 |     4 ||    90
Armor: Leather armour    |    48 |    58 |    99 |    78 |     6 ||   289
Dodge: Dodged            |   139 |   217 |   443 |   518 |    43 ||  1360
       Rpst.: Long sword |       |       |       |     8 |       ||     8
